Cogmind - Beta 14 @@@ ROGUE MODE // 2024.09.17 @ 18:14:22 Player: hanzu Result: Destroyed by 8D-H0M(R) with Subdweller Beam Cannon Performance ------------- Evolutions (0) 0 Regions Visited (2) 400 Robots Destroyed (26) 130 Value Destroyed (770) 770 Prototype IDs (2) 40 Alien Tech Used (0) 0 Bonus (0) 0 TOTAL SCORE: 1340 Bonus ------- None Cogmind --------- Core Integrity 0/250 Matter 189/300 Energy 200/200 System Corruption 1% Temperature Cool (9) Movement Rolling (105) Ox1 Location -10/Subcaves Parts ------- > --- POWER (1) -------- Subdweller Power Source > --- PROPULSION (2) --- Armored Wheel Armored Wheel > --- UTILITY (2) ------ Large Storage Unit Targeting Computer > --- WEAPON (2) ------- Subdweller Machine Gun Subdweller Machine Gun > --- INVENTORY (15) --- Subdweller Power Source Subdweller Power Source Cooling System Huge Storage Unit Machine Analyzer Signal Interpreter Small Laser Assault Rifle Assault Rifle Light Assault Rifle Flail Peak State ------------ > --- POWER ------------ Subdweller Power Source > --- PROPULSION ------- Armored Wheel Armored Wheel > --- UTILITY ---------- Large Storage Unit Weapon Shielding > --- WEAPON ----------- Riot Gun Subdweller Laser > --- INVENTORY -------- Subdweller Power Source Subdweller Power Source Cooling System Huge Storage Unit Machine Analyzer Signal Interpreter Targeting Computer Small Laser Assault Rifle Assault Rifle Light Assault Rifle Subdweller Machine Gun Grenade Launcher Flail [Rating: 15] Favorites ----------- Power Light Ion Engine Engine Light Ion Engine Propulsion Armored Wheel Treads Light Treads Wheel Armored Wheel Utility Large Storage Unit Device Cooling System Storage Large Storage Unit Processor Targeting Computer Protection Weapon Shielding Weapon Assault Rifle Energy Gun Medium Laser Ballistic Gun Assault Rifle Launcher Grenade Launcher Build | -11 -10 -10 ------- Run | Yrd Mat Sub Slots Evolved . | . . . Power . | . . . Propulsion . | . . . Utility . | . . . Weapon . | . . . Parts Attached 33 | 6 9 18 Power 4 | 1 1 2 Engine 4 | 1 1 2 Core . | . . . Reactor . | . . . Propulsion 6 | 2 2 2 Treads 2 | 2 . . Leg . | . . . Wheel 4 | . 2 2 Hover . | . . . Flight . | . . . Utility 7 | 1 4 2 Device 2 | . 1 1 Storage 2 | 1 1 . Processor 1 | . . 1 Hackware . | . . . Protection 2 | . 2 . Artifact . | . . . Weapon 16 | 2 2 12 Energy Gun 7 | . 2 5 Energy Cannon . | . . . Ballistic Gun 6 | 2 . 4 Ballistic Cannon . | . . . Launcher 3 | . . 3 Special Weapon . | . . . Impact Weapon . | . . . Slashing Weapon . | . . . Piercing Weapon . | . . . Special Melee Weapon . | . . . Unidentified Prototypes . | . . . Parts Lost 10 | . 2 8 Power 1 | . . 1 Propulsion 2 | . . 2 Utility 1 | . 1 . Weapon 6 | . 1 5 Highest Loss Streak 5 | . 1 5 To Critical Strikes 1 | . . 1 Average Slot Usage (%) 98 | . 99 96 Engine 13 | . 14 13 Treads 10 | . 18 . Wheel 16 | . 9 26 Device 4 | . 6 1 Storage 14 | . 14 14 Protection 8 | . 6 10 Energy Gun 13 | . 10 17 Ballistic Gun 11 | . 17 4 Launcher 2 | . . 5 Peak Build Rating 15 | 6 11 15 Average Rating 9 | 4 8 12 On Entrance 5 | . 6 11 Naked Turns . | . . . Heaviest Build 34 | 11 31 34 Greatest Support 40 | 40 40 24 Greatest Overweight (x) 10 | . 4 10 Average Overweight (x) . | . . 1 Largest Inventory Capacity 15 | 8 15 15 Average Capacity 12 | 6 10 15 Most Carried 15 | 2 14 15 Average Carried 9 | . 8 12 Final Capacity 15 | 8 15 15 Final Carried 14 | 2 14 11 Class Distribution -------------------- 100% | Mutant Dominant Class ---------------- Mutant | -10/Materials Mutant | -10/Subcaves Resources | -11 -10 -10 ----------- Run | Yrd Mat Sub Matter Collected 705 | 157 289 259 Remotely . | . . . Salvage Created 876 | . 522 354 Parts 64 | . 38 26 Haulers Intercepted 1 | . 1 . Recyclers Shooed . | . . . Parts Field Recycled . | . . . Retrieved Matter . | . . . Parts Self-Destructed 10 | . . 10 Prevented . | . . . Kills | -11 -10 -10 ------- Run | Yrd Mat Sub Combat Hostiles Destroyed 20 | . 11 9 Guns 15 | . 11 4 AOE 5 | . . 5 Classes Destroyed 8 | . 7 1 Worker 1 | . 1 . Tunneler 1 | . 1 . Hauler 1 | . 1 . Mechanic 1 | . 1 . Watcher 2 | . 2 . Swarmer 3 | . 3 . Grunt 8 | . 8 . Subdweller 9 | . . 9 Best Kill Streak 5 | . 4 5 Combat Bots Only 5 | . 3 5 Max Kills in Single Turn 2 | . 1 2 Gunslinging . | . . . Exploded 2 | . . 2 Melee . | . . . Uniques/NPCs Destroyed . | . . . Combat | -11 -10 -10 -------- Run | Yrd Mat Sub Hostile Shots Fired 85 | . 45 40 Missed 19 | . 15 4 Damage Taken 1430 | . 474 956 Core 264 | . 49 215 Absorbed by Shields . | . . . Redirected to Shielding 48 | . . 48 Regen/Repaired (Parts) 33 | . 33 . Core Remaining (%) 100 | 100 . . Volleys Fired 108 | . 37 71 Largest 2 | . 2 2 Hottest 110 | . 70 110 Shots Fired 159 | . 74 85 Gun 142 | . 74 68 Cannon . | . . . Launcher 17 | . . 17 Special . | . . . Kinetic 52 | . 37 15 Thermal 76 | . 32 44 Explosive 17 | . . 17 Electromagnetic 14 | . 5 9 Robot Hit Streak 36 | . 8 36 Robot Miss Streak 4 | . 4 2 Penetration Max . | . . . Secondary Targets 4 | . 3 1 Max Gunslinging Chain 1 | . 1 1 Shots Hit Robots 110 | . 44 66 Core Hits 52 | . 29 23 Critical Kills . | . . . Critical Parts Destroyed . | . . . Critical Strikes 2 | . 2 . Burn 2 | . 2 . Melee Attacks . | . . . Impact . | . . . Slashing . | . . . Piercing . | . . . Sneak Attacks . | . . . Combat Hostiles . | . . . Follow-up Attacks . | . . . Damage Inflicted 2297 | . 630 1667 Guns 1425 | . 594 831 Cannons . | . . . Explosions 872 | . 36 836 Melee . | . . . Ramming . | . . . Kinetic 530 | . 309 221 Thermal 723 | . 253 470 Explosive 836 | . . 836 Electromagnetic 208 | . 68 140 Impact . | . . . Slashing . | . . . Piercing . | . . . Highest Corruption 1 | . 1 1 Average Corruption 1 | . 1 1 Corruption Purged . | . . . Corruption Blocked . | . . . Effects 8 | . 1 7 Message Errors 2 | . . 2 Matter Fused 2 | . . 2 Data Loss (minor) 1 | . . 1 Data Loss (major) 3 | . 1 2 Overload Shots . | . . . Overflow Damage 26 | . . 26 Projectiles . | . . . Explosions 26 | . . 26 Melee . | . . . Knockbacks . | . . . Impact . | . . . Kinetic . | . . . Secondary . | . . . Self-Inflicted Damage 133 | . 22 111 Shots 5 | . 1 4 Rammed . | . . . Targets Rammed . | . . . Kicked . | . . . Crushed . | . . . Highest Temperature 153 | . 153 . Average Temperature 67 | . 67 . Received Heat Transfer 237 | . 159 78 Siege Activations . | . . . Robots Corrupted . | . . . Combat Hostiles . | . . . Parts Fried . | . . . Impact Corruptions . | . . . Robots Melted . | . . . Combat Hostiles . | . . . Parts Melted 4 | . 4 . Heat Transferred 1751 | . 851 900 Parts Sabotaged . | . . . Parts Stolen . | . . . Parts Stripped . | . . . Power Chain Reactions . | . . . Alert | -11 -10 -10 ------- Run | Yrd Mat Sub Peak Influence 169 | . 169 . Initial . | . . . Average 53 | . 56 . Maximum Alert Level . | . . . Low Security (%) 100 | 100 100 . Level 1 . | . . . Level 2 . | . . . Level 3 . | . . . Level 4 . | . . . Level 5 . | . . . High Security . | . . . Max Security . | . . . Squads Dispatched 4 | . 4 . Investigation 4 | . 4 . Extermination . | . . . Reinforcement . | . . . Assault . | . . . Garrison . | . . . Intercept . | . . . Searches Triggered . | . . . Construction Impeded . | . . . Haulers Reinforced . | . . . Active Scanning Responses . | . . . Cargo Convoy Interrupts . | . . . Stealth | -11 -10 -10 --------- Run | Yrd Mat Sub Distress Signals 1 | . 1 . Communications Jammed . | . . . Distress Signals . | . . . Times Spotted 27 | . 16 11 Peak Tracking Total 4 | . 3 4 Tactical Retreats 1 | . 1 . Traps | -11 -10 -10 ------- Run | Yrd Mat Sub Traps Triggered 3 | . 2 1 Indirectly . | . . . Trap Hack Attempts . | . . . Triggered . | . . . Disarmed . | . . . Reprogrammed . | . . . Reused . | . . . Traps Extracted . | . . . Installed 1 | . . 1 Triggered . | . . . Machines | -11 -10 -10 ---------- Run | Yrd Mat Sub Machines Disabled 4 | . 4 . Max in Single Turn 4 | . 4 . Machines Repaired . | . . . Machines Dismantled . | . . . Machines Sabotaged . | . . . Overloaded Fab Kills . | . . . Hacking | -11 -10 -10 --------- Run | Yrd Mat Sub Machines Accessed 10 | . 10 . Terminals 7 | . 7 . Fabricators . | . . . Repair Stations 1 | . 1 . Recycling Units 2 | . 2 . Scanalyzers . | . . . Garrison Access . | . . . Total Hacks 31 | . 31 . Successful 10 | . 10 . Failed 21 | . 21 . Catastrophic 4 | . 4 . Database Lockouts . | . . . Manual 16 | . 16 . Terminals 23 | . 23 . Fabricators . | . . . Repair Stations 2 | . 2 . Recycling Units 6 | . 6 . Scanalyzers . | . . . Garrison Access . | . . . Terminal Hacks 4 | . 4 . Robot Analysis 1 | . 1 . Prototype ID Bank 1 | . 1 . Recall Investigation 1 | . 1 . Zone Layout 1 | . 1 . Fabricator Hacks . | . . . Repair Station Hacks 2 | . 2 . Scan Component 1 | . 1 . Repair 1 | . 1 . Recycling Unit Hacks 2 | . 2 . Retrieve Components 2 | . 2 . Scanalyzer . | . . . Garrison Access Hacks . | . . . Unauthorized Hacks 1 | . 1 . Terminals 1 | . 1 . Operators 1 | . 1 . Fabricators . | . . . Repair Stations . | . . . Recycling Units . | . . . Scanalyzers . | . . . Garrison Access . | . . . Data Cores Recovered . | . . . Used . | . . . Hacking Detections 9 | . 9 . Full Trace Events 5 | . 5 . Feedback Events . | . . . Feedback Blocked . | . . . Robot Schematics Acquired . | . . . Robots Built . | . . . Authchips . | . . . Time . | . . . Total Robot Build Rating . | . . . Part Schematics Acquired . | . . . Parts Built . | . . . Authchips . | . . . Time . | . . . Total Part Build Rating . | . . . Parts Repaired 1 | . 1 . Time 32 | . 32 . Parts Recycled . | . . . Recycled Matter . | . . . Retrieved Matter . | . . . Retrieved Components 11 | . 11 . Parts Scanalyzed . | . . . Part Schematics Acquired . | . . . Parts Damaged . | . . . Bothacking | -11 -10 -10 ------------ Run | Yrd Mat Sub Used RIF Installer . | . . . Robots Hacked . | . . . Non-combat . | . . . Combat . | . . . Robot Hacks Applied . | . . . Relay Couplers Released . | . . . Fabnet Peak Effective % . | . . . Robots Rewired . | . . . Allies Hacked . | . . . Hacks Repelled . | . . . Allies | -11 -10 -10 -------- Run | Yrd Mat Sub Total Allies . | . . . Largest Group . | . . . Highest-Rated Group . | . . . Highest-Rated Ally . | . . . Total Orders . | . . . Ally Attacks . | . . . Total Damage . | . . . Kills . | . . . Allies Corrupted . | . . . Allies Melted . | . . . Intel | -11 -10 -10 ------- Run | Yrd Mat Sub Robot Analysis Total 1 | . 1 . Derelict Logs Recovered 1 | . . 1 Drone Launches . | . . . Drone Recoveries . | . . . Exploration | -11 -10 -10 ------------- Run | Yrd Mat Sub Turns Passed 1805 | 62 997 746 Spaces Moved 1092 | 34 588 470 Core 9 | 2 2 5 Treads 377 | 32 345 . Legs . | . . . Wheels 706 | . 241 465 Hover . | . . . Flight . | . . . Fastest Speed 50 | 50 90 105 Average Speed 125 | 153 137 109 Slowest Speed 550 | 160 250 550 Overloaded Moves . | . . . Propulsion Burnouts . | . . . Robots Hopped . | . . . Cave-ins Triggered . | . . . Exploration Rate (%) 40 | 4 87 30 Regions Visited 2 Branch Regions 1 Pre-discovered Areas . | . . . Known Exits Taken . | . . . Unknown Exits Taken 2 | 1 1 . Scrap Searched . | . . . Spaces Dug . | . . . Terrain Destroyed 67 | . . 67 Melee . | . . . Projectile . | . . . AOE 67 | . . 67 Terrain Rammed . | . . . Walls Destroyed . | . . . Machines Disabled . | . . . Actions | -11 -10 -10 --------- Run | Yrd Mat Sub Total 1361 | 41 705 615 Wait 87 | . 44 43 Move 1090 | 33 587 470 Hop . | . . . Pick Up 29 | 2 19 8 Fast Attach 12 | 6 5 1 Attach 12 | . 2 10 Detach . | . . . Swap 9 | . 2 7 Drop 13 | . 9 4 Fire 108 | . 37 71 Melee . | . . . Ram . | . . . Kick . | . . . Crush . | . . . Escape Stasis . | . . . Rewire . | . . . Trap 1 | . . 1 Miscellaneous . | . . . Route ------- -11/Scrapyard -10/Materials (discovered 5 exits: [*Mat x3] / [*Min] / [*Sub]) -10/Subcaves History --------- Turn | Location | Event 21 | -11/Scrapyard | Discovered new exit (range 15) 63 | -11/Scrapyard | Entered Materials 202 | -10/Materials | Discovered new exit (range 5) 318 | -10/Materials | Build established: Mutant 397 | -10/Materials | Discovered new exit (range 9) 498 | -10/Materials | Discovered new exit (range 8) 672 | -10/Materials | Discovered new exit (range 3) 1044 | -10/Materials | Repaired Cooling System 1050 | -10/Materials | Discovered new exit (range 9) 1060 | -10/Materials | Entered Subcaves 1122 | -10/Subcaves | Shifting Twisted Machinery released Sub. Laser 1123 | -10/Subcaves | Shifting Twisted Machinery released Mak. Spear 1140 | -10/Subcaves | A swath of the cavern ceiling suddenly collapsed 1208 | -10/Subcaves | Shifting Twisted Machinery released Piercing Trap 1209 | -10/Subcaves | Shifting Twisted Machinery released Riot Gun 1291 | -10/Subcaves | Ambushed by Subdweller buried in earth 1291 | -10/Subcaves | Ambushed by Subdweller buried in earth 1296 | -10/Subcaves | Ambushed by Subdweller buried in earth 1323 | -10/Subcaves | Core integrity fell below 50% 1359 | -10/Subcaves | Lost 5 parts (1p2n2w) 1398 | -10/Subcaves | Learned Materials emergency access door positions 1784 | -10/Subcaves | Core integrity fell below 20% 1806 | -10/Subcaves | Destroyed by 8D-H0M(R) with Subdweller Beam Cannon Last Messages --------------- 01604_ Subatomizers dissect the Sub. Optics. 01606_ Dropped Weapon Shielding. 01632_ Triggered Piercing Trap. 01632_ Spikes shoot up from the floor. 01632_ Critical hit (Impale). 01643_ System corrupted: Matter fused (-9). 01688_ Riot Gun destroyed. 01690_ Sub. Laser destroyed. 01695_ DW-5LY(R) destroyed. 01695_ Switching to secondary target: DS-GF2(R). 01707_ DS-GF2(R) destroyed. 01708_ Sub. Power Source shoots sparks and powers down. 01710_ Dropped Broken Sub. Power Source. 01711_ Acquired 52 matter. 01712_ Acquired 35 matter. 01714_ Acquired Sub. Machine Gun. 01717_ Acquired Sub. Power Source. 01785_ T4-JGO(R) destroyed. 01785_ 4U-HIJ(R) destroyed. 01797_ Grenade Launcher destroyed. Map ----- +----------------------------------------------------+ | ?????????????????????????????????????????????????? | | ?????????????????????????????????????????????????? | | ?????????????????????????????????????????????????? | | ?????????????????????????????????????????????????? | | ?????????????????????????????????????????????????? | | ?????????????????????????????????????????????????? | | ?????????????????????????????????????????????????? | | ?????????????????????????????????????????????????? | | ?????????????????????????????????????????????????? | | ?????????????????????????????????????????????????? | | ?????????????????????????????????????????????????? | | ?????????????????????????????????????????????????? | | ???????????????????????????????????????????????##" | | ??????????????????????????????????????????????##"" | | ???????????????????????????????????????????????""" | | ??????????????????????????????????????????????? | | ??????????????????????????????????????????????? | | ????????????????????###???????###??????????????# " | | ???????????????????## #??????## #??####???????## " | | ?????????????? ??### #??##### #### ######### " | | ?????????????? "## #### # ## ## # " | | ??????????????#" %## | | ???????????####% "" ### #????# | | ???????????# # # * ##?# ###### | | ???????????# ! % ### ##### ## # | | ???????????#[%& #@# ## | | ???????? %"&*&! ##?# R ## # # ## | | ???????? " ????### R###### ## ######## | | ?????????#### #???????####????## #######??????## | | ????????????#??????????????????#####?????????????? | | ?????????????????????????????????????????????????? | | ?????????????????????????????????????????????????? | | ?????????????????????????????????????????????????? | | ?????????????????????????????????????????????????? | | ?????????????????????????????????????????????????? | | ?????????????????????????????????????????????????? | | ?????????????????????????????????????????????????? | | ?????????????????????????????????????????????????? | | ?????????????????????????????????????????????????? | | ?????????????????????????????????????????????????? | | ?????????????????????????????????????????????????? | | ?????????????????????????????????????????????????? | | ?????????????????????????????????????????????????? | | ?????????????????????????????????????????????????? | | | | | | | | | | | | | +----------------------------------------------------+ Best States ------------- Heat Dissipation 47 Energy Generation 15 Energy Capacity 250 Matter Stores 300 Matter Capacity 300 Sight Range 16 Terrain Scan Density 10 Armor Coverage 150 Weapon Shielding 33 Evasion (%) 42 Targeting Accuracy 5 Recoil Reduction 2 Item Schematics ----------------- None Robot Schematics ------------------ None Fabricated ------------ Nothing Alien Tech Used ----------------- None Achievements -------------- None Challenges ------------ None Game ------ Seed ExplosiveNodeAccelerator Manual? 0 Play Time 00:13:58 Cumulative 198.3 hours Start 2024.09.17 @ 18:00:33 End 2024.09.17 @ 18:14:22 Sessions 1 Manual Loads 0 Difficulty Rogue Special Mode None Game No. 181 Rogue 181 Adventurer 0 Explorer 0 Win Type - Total 3 Types 3/0/0/0/0/0/0/0/0 Lore% 43 Gallery% 66 Achievement% 56 Wizard Run 0 Options --------- Layout 0 ASCII 0 Keyboard 0 Movement Numpad Keybinds 0 Fullscreen 2 Font 18/SmallcapsGlow Map View 76x50 Zoom Use 0% Tactical HUD 1 Map Filters NONE Filters NONE Steam 1 RUN: 84b21b06-c04b-4059-bffa-0241b99c79c7